 Dungeon Crawl Stone Soup version 0.29-a0-819-g94b489e0ae (webtiles) character file.

Game seed: 12704971261275344529

129 Gargoyl the Trooper (level 5, 0/33 HPs)
             Began as a Gargoyle Berserker on July 7, 2022.
             Was a Believer of Trog.
             Slain by a gnoll
             ... wielding a +0 spear
              (2 damage)
             ... on level 5 of the Dungeon.
             The game lasted 00:03:48 (2039 turns).

Gargoyl the Trooper (Gargoyle Berserker)            Turns: 2039, Time: 00:03:49

Health: 0/33       AC:  9    Str: 27    XL:     5   Next: 12%
Magic:  5/5        EV: 11    Int: 14    God:    Trog [**....]
Gold:   108        SH:  0    Dex: 14    Spells: 4/4 levels left

rFire   . . .      SeeInvis .   n - +8 sling of a Thousand Yaks {flame, Drain Int+7 Dex+3}
rCold   . . .      Faith    .   (no shield)
rNeg    + . .      Spirit   .   g - +0 ring mail
rPois   ∞          Reflect  .   (helmet restricted)
rElec   +          Harm     .   (no cloak)
rCorr   .          Rampage  .   (no gloves)
Will    ++...                   (no boots)
Stlth   +.........              (no amulet)
HPRegen 1.11/turn               c - +6 ring of strength
MPRegen 0.09/turn               (no ring)

@: strong-willed, regenerating, studying Summonings
A: sickness immunity, AC +4, negative energy resistance 1, electricity
resistance, torment resistance 1, petrification resistance, antennae 1, mutation
resistance 1
a: Renounce Religion, Berserk, Trog's Hand


You were on level 5 of the Dungeon.
You worshipped Trog.
Trog was pleased with you.
You visited 1 branch of the dungeon, and saw 4 of its levels.

You collected 108 gold pieces.

Inventory:

Hand Weapons
 a - a +1 hand axe
 n - the +8 sling of a Thousand Yaks (weapon) {flame, Drain Int+7 Dex+3}
   (You found it on level 2 of the Dungeon)

   Any ammunition fired from it burns those it strikes, dealing additional fire
   damage.
   Int:       It affects your intelligence (+7).
   Dex:       It affects your dexterity (+3).
   Drain:     It drains your maximum health when unequipped.
Missiles
 e - a throwing net
 o - 17 stones
Armour
 g - a +0 ring mail (worn)
Jewellery
 c - a +6 ring of strength (left hand)
Scrolls
 d - 3 scrolls of blinking
Potions
 b - a potion of might
 f - a potion of brilliance
 l - a potion of curing {unknown}
 m - a potion of invisibility {unknown}


   Skills:
 + Level 4.1 Fighting
 + Level 3.5 Axes
 + Level 2.2 Ranged Weapons
 + Level 2.8 Armour
 + Level 1.9 Dodging
 + Level 0.1 Stealth


You had 4 spell levels left.
You didn't know any spells.
Your spell library was empty.

Dungeon Overview and Level Annotations

Branches:
Dungeon (3/15)

Altars:
Wu Jian

Annotations:
D:3 1 runed translucent door, Crazy Yiuf


Innate Abilities, Weirdness & Mutations

You are immune to sickness and miasma.
Your stone body is resilient. (AC +4)
You are immune to poison.
You resist negative energy. (rN+)
You are resistant to electric shocks. (rElec)
You are resistant to unholy torment.
You are immune to petrification.
You have a pair of small antennae on your head.
You are somewhat resistant to further mutation.


Message History

Aim: an ice beast (moderately wounded, 68% to hit)
You shoot a sling bullet. The sling bullet hits the ice beast.
The sling bullet melts the ice beast.
The ice beast is moderately wounded.
The ice beast hits you. The ice beast freezes you!
Do you really want to go berserk while wielding the +8 sling of a Thousand Yaks {flame, Drain Int+7 Dex+3}?
Okay, then.
Fire: n) +8 sling of a Thousand Yaks {flame, Drain Int+7 Dex+3}
Press: ? - help, Q - select action, (/) - cycle Shift-Dir - straight line, f/p - ice beast
Aim: an ice beast (moderately wounded, 68% to hit)
You shoot a sling bullet. The sling bullet hits the ice beast.
The sling bullet melts the ice beast.
The ice beast is heavily wounded.
The ice beast barely misses you.
The gnoll hits you from afar with a +0 spear.
Your skin crawls.
You feel strong-willed. The ice beast hits you. The ice beast freezes you!
The gnoll barely misses you.
Unknown command.
Do you really want to go berserk while wielding the +8 sling of a Thousand Yaks {flame, Drain Int+7 Dex+3}?
Okay, then.
Fire: n) +8 sling of a Thousand Yaks {flame, Drain Int+7 Dex+3}
Press: ? - help, Q - select action, (/) - cycle Shift-Dir - straight line, f/p - ice beast
Aim: an ice beast (heavily wounded, 68% to hit)
You shoot a sling bullet.
The sling bullet hits the ice beast but does no damage.
The ice beast is heavily wounded.
The ice beast hits you. The ice beast freezes you.
* * * LOW HITPOINT WARNING * * *
The gnoll hits you from afar with a +0 spear.
* * * LOW HITPOINT WARNING * * *
The gnoll hits you from afar with a +0 spear.
* * * LOW HITPOINT WARNING * * *
The ice beast hits you but does no damage.
The gnoll barely misses you.
It was a potion of mutation.
You feel extremely strange. A pair of antennae grows on your head!
You feel genetically stable.
The ice beast hits you but does no damage.
The gnoll hits you from afar with a +0 spear.
You die...

###...##....#
###...#..#....#
#####...####.####.#
#.....###..#..# #.#
...##.##....##)###.#
. #..#..⌠..#..##.###
##.##....##.##...#
#.....###...###.#
##)####...#@# #.#
#.)#...###Y# #.#
##...###.gg###.#
#.###...#..##.#
###...####.##.. ..#
#..### . ##.## #..#
##.#


You could see an ice beast and 2 gnolls.

Vanquished Creatures
  3 gnolls (D:5)
  3 adders
  A dart slug (D:3)
  2 orcs (D:3)
  5 ball pythons
  12 bats
  5 endoplasms
  6 goblins
  7 hobgoblins
  7 kobolds
  5 quokkas
  3 frilled lizards
  5 rats
64 creatures vanquished.

Notes
Turn   | Place    | Note
-------+----------+-------------------------------------------
     0 | D:1      | Gargoyl the Gargoyle Berserker began the quest for the Orb.
     0 | D:1      | Reached XP level 1. HP: 14/14 MP: 1/1
   159 | D:1      | Found a faded altar of an unknown god.
   404 | D:1      | Reached XP level 2. HP: 16/19 MP: 2/2
  1217 | D:2      | Reached XP level 3. HP: 24/24 MP: 3/3
  1218 | D:2      | Reached ** piety under Trog
  1244 | D:2      | Found an ornate altar of the Wu Jian Council.
  1271 | D:2      | Identified the +8 sling of a Thousand Yaks {flame, Drain
                  | Int+7 Dex+3}
  1281 | D:2      | Reached skill level 4 in Fighting
  1529 | D:2      | Reached XP level 4. HP: 29/29 MP: 4/4
  1535 | D:2      | Identified the +0 robe "Lalogis" {-Tele Will+ Str+2 Dex+4}
  1707 | D:3      | Found a runed translucent door.
  1708 | D:3      | Noticed Crazy Yiuf
  1776 | D:3      | Reached skill level 1 in Ranged Weapons
  1958 | D:3      | You fall into a shaft and drop 2 floors!
  1958 | D:5      | Entered Level 5 of the Dungeon
  2004 | D:5      | Reached XP level 5. HP: 33/33 MP: 5/5
  2024 | D:5      | Noticed an ice beast
  2038 | D:5      | HP: 1/33 [gnoll/+0 spear (2)]
  2039 | D:5      | Gained mutation: You have a pair of small antennae on your
                  | head. [potion of mutation]
  2039 | D:5      | Gained mutation: You are somewhat resistant to further
                  | mutation. [potion of mutation]
  2039 | D:5      | Slain by a gnoll

Illustrated notes

Levels and vault maps discovered:
D:1:      mrwooster_arrival_statue_3, layout_basic, basic_ecumenical_altar
D:2:      layout_rooms, basic_altar, minmay_liquid_box
D:3:      minmay_chambers_of_twos, layout_basic, uniq_crazy_yiuf_cottage,
          uniq_terence
D:5:      minmay_skewed_foursquare, layout_basic, grunt_temple_overflow_open,
          minmay_fire_ice_demons

Skill      XL: |  1  2  3  4 |
---------------+-------------+-----
Axes           | 3 |  3.5
Fighting       | 4 |  4.1
Ranged Weapons | 2 |  2.2
Armour         | |  2.8
Dodging        | |  1.9
Stealth        | |  0.1

Action                   |  1- 3 |  4- 6 || total
-------------------------+-------+-------++-------
Melee: Hand axe          |    73 |       ||    73
 Fire: Sling             |    20 |    50 ||    70
Invok: Trog's Hand       |       |     1 ||     1
  Use: Scroll            |       |     8 ||     8
       Potion            |       |     1 ||     1
Armor: Animal skin       |    14 |       ||    14
       Ring mail         |    29 |    14 ||    43
Dodge: Dodged            |    82 |    22 ||   104

Table legend: (Time is in decaauts)
 A = Elapsed time spent in this place.
 B = Non-inter-level travel time spent in this place.
 C = Inter-level travel time spent in this place.
 D = Time resting spent in this place.
 E = Time spent auto-exploring this place.
 F = Levels seen in this place.
 G = Mean time per level.
                   A        B        C        D        E       F      G
               +--------+--------+--------+--------+--------+-----+--------+
         Total |   2078 |   1968 |    110 |      0 |   1559 |   4 |  519.5 |
       Dungeon |   2078 |   1968 |    110 |      0 |   1559 |   4 |  519.5 |
               +--------+--------+--------+--------+--------+-----+--------+

Top non-repeatable levels by time:
     D:1: 1211 daAuts
     D:3: 410 daAuts
     D:2: 371 daAuts
     D:5: 85 daAuts
